 Dungeon Crawl Stone Soup version 0.30-a0-476-g330ca2eb8e (webtiles) character file.

Game seed: 2609767344280514914

243033 jt the Wrestler (level 18, -4/185 HPs)
             Began as a Troll Fighter on Dec 21, 2022.
             Was the Champion of Wu Jian.
             Slain by a white very ugly thing (26 damage)
             ... on level 1 of the Vaults.
             The game lasted 02:36:31 (33062 turns).

jt the Wrestler (Troll Fighter)                    Turns: 33062, Time: 02:36:32

Health: -4/185     AC: 17    Str: 29    XL:     18   Next: 69%
Magic:  12/21      EV: 11    Int:  7    God:    Wu Jian [******]
Gold:   2057       SH: 18    Dex: 11    Spells: 23/23 levels left

rFire   + . .      SeeInvis .      - Unarmed
rCold   + . .      Faith    .    y - +2 kite shield {reflect}
rNeg    . . .      Spirit   .    T - +0 swamp dragon scales
rPois   +          Reflect  +    Q - +2 hat
rElec   +          Harm     .    r - scarf {rC+ rF+}
rCorr   .          Rampage  .    (gloves unavailable)
Will    +....                    (boots unavailable)
Stlth   ++........               F - amulet "Faixuq" {Reflect Dex+2 Slay+2 SH+5}
HPRegen 1.30/turn                G - ring "Unumubal" {rPois AC+4 Int-3 Slay+5 Stlth+}
MPRegen 0.17/turn                C - +4 ring of slaying

@: marked, studying Staves
A: large, unfitting armour, claws 3, regeneration 1, shaggy fur 1, tough skin 1,
iridescent scales 1, electricity resistance, MP-powered wands
}: 2/15 runes: serpentine, barnacled
a: Renounce Religion, Wall Jump, Serpent's Lash, Heavenly Storm


You were on level 1 of the Vaults.
You worshipped Wu Jian.
Wu Jian was exalted by your worship.
You visited 7 branches of the dungeon, and saw 32 of its levels.
You also visited: Ossuary, Bailey, Gauntlet, Ice Cave and Volcano.

You collected 3417 gold pieces.
You spent 1360 gold pieces at shops.

Inventory:

Hand Weapons
 V - a +3 war axe of flaming
Missiles
 b - 6 curare-tipped darts
 v - 9 silver javelins
 D - 7 javelins
 E - 4 throwing nets
 M - 3 boomerangs
 O - 2 silver boomerangs (quivered)
 U - 25 large rocks
Armour
 m - a +1 cloak of willpower
 r - a scarf of resistance (worn)
 y - a +2 kite shield of reflection (worn)
 N - a scarf of repulsion
 Q - a +2 hat (worn)
 T - +0 swamp dragon scales (worn)
Magical Staves
 L - a staff of death
Jewellery
 a - a ring of willpower
 d - a ring of see invisible
 l - the ring "Veott" {rPois rC+ Dex+2}
   (You found it in an ice cave)

   [ring of protection from cold]

   Dex:       It affects your dexterity (+2).
   rC:        It protects you from cold.
   rPois:     It protects you from poison.
 z - a ring of resist corrosion
 C - a +4 ring of slaying (right claw)
 F - the amulet "Faixuq" (around neck) {Reflect Dex+2 Slay+2 SH+5}
   (You acquired it on level 7 of the Dungeon)

   [amulet of reflection]

   It reflects blocked missile attacks.
   Dex:       It affects your dexterity (+2).
   Slay:      It affects your accuracy & damage with ranged weapons and melee
   (+2).
   SH:        It affects your SH (+5).
 G - the ring "Unumubal" (left claw) {rPois AC+4 Int-3 Slay+5 Stlth+}
   (You bought it in a shop on level 2 of the Orcish Mines)

   [ring of protection]

   AC:        It affects your AC (+4).
   Int:       It affects your intelligence (-3).
   Slay:      It affects your accuracy & damage with ranged weapons and melee
   (+5).
   rPois:     It protects you from poison.
   Stlth:     It makes you more stealthy.
 X - a ring of flight
Wands
 c - a wand of roots (50)
 e - a wand of paralysis (13)
 B - a wand of flame (50)
 H - a wand of digging (4)
 R - a wand of acid (2)
 S - a wand of polymorph (11)
Scrolls
 k - 15 scrolls of teleportation
 o - 3 scrolls of silence
 q - 4 scrolls of immolation
 s - 3 scrolls of fear
 u - 8 scrolls of fog
 w - 4 scrolls of vulnerability
 x - 5 scrolls of magic mapping
 A - 5 scrolls of blinking
 K - 6 scrolls of poison
 P - 4 scrolls of butterflies
Potions
 f - a potion of heal wounds
 g - 5 potions of mutation
 h - 20 potions of curing
 i - 2 potions of cancellation
 p - 6 potions of flight
 J - a potion of invisibility
 W - 2 potions of berserk rage
 Y - 2 potions of ambrosia
 Z - 4 potions of might
Miscellaneous
 j - a phial of floods
 n - a phantom mirror


   Skills:
 - Level 13.3 Fighting
 - Level 9.9 Dodging
 - Level 13.3 Shields
 - Level 21.1 Unarmed Combat
 - Level 3.3 Spellcasting
 + Level 7.8 Transmutations
 + Level 9.3 Earth Magic
 + Level 1.7 Evocations


You had 23 spell levels left.
You didn't know any spells.
Your spell library contained the following spells:

 Spells                   Type           Power      Damage    Failure   Level
 Sandblast                Erth           28%        2d8       1%          1
 Sting                    Tmut/Pois      24%        1d4       17%         1
 Lee's Rapid Deconstruct  Erth           7%         3d6*      43%         5
 Spider Form              Tmut/Pois      6%         N/A       45%         3
 Freeze                   Ice            4%         1d3       63%         1
 Kiss of Death            Conj/Necr      4%         2d5       63%         1
 Magic Dart               Conj           4%         1d3       63%         1
 Shock                    Conj/Air       4%         1d3       63%         1
 Summon Small Mammal      Summ           4%         N/A       63%         1
 Ignite Poison            Fire/Tmut/Pois 4%         N/A       63%         3
 Leda's Liquefaction      Hex/Erth       3%         N/A       75%         4
 Call Imp                 Summ           1%         N/A       77%         2
 Cigotuvi's Dreadful Rot  Necr/Pois/Air  2%         N/A       77%         2
 Ensorcelled Hibernation  Hex/Ice        2%         N/A       77%         2
 Poisonous Vapours        Pois/Air       2%         N/A       77%         2
 Call Canine Familiar     Summ           1%         N/A       94%         3
 Confusing Touch          Hex            1%         N/A       94%         3
 Frozen Ramparts          Ice            2%         1d1       94%         3
 Hailstorm                Conj/Ice       1%         3d3       94%         3
 Inner Flame              Hex/Fire       1%         N/A       94%         3
 Kindle Blastsparks       Fire/Tloc/Air  2%         2d10      94%         3
 Mephitic Cloud           Conj/Pois/Air  1%         N/A       94%         3
 Swiftness                Air            1%         N/A       94%         3
 Statue Form              Tmut/Erth      8%         N/A       98%         6
 Yara's Violent Unravell  Hex/Tmut       3%         3d4       99%         5
 Airstrike                Air            0%         2d(1-17)  100%        4
 Anguish                  Hex/Necr       0%         N/A       100%        4
 Dispel Undead            Necr           1%         3d6       100%        4
 Olgreb's Toxic Radiance  Pois           1%         N/A       100%        4
 Summon Ice Beast         Ice/Summ       1%         N/A       100%        4
 Summon Lightning Spire   Summ/Air       1%         N/A       100%        4
 Freezing Cloud           Conj/Ice/Air   0%         6-21      100%        5
 Lightning Bolt           Conj/Air       0%         1d11      100%        5
 Summon Mana Viper        Hex/Summ       1%         N/A       100%        5
 Death Channel            Necr           0%         N/A       100%        6
 Eringya's Noxious Bog    Tmut/Pois      3%         N/A       100%        6
 Dragon Form              Tmut           6%         N/A       100%        7
 Enfeeble                 Hex            0%         N/A       100%        7
 Malign Gateway           Summ/Tloc      0%         N/A       100%        7
 Summon Hydra             Summ           0%         N/A       100%        7
 Summon Horrible Things   Summ           0%         N/A       100%        8
 Dragon's Call            Summ           0%         N/A       100%        9


Dungeon Overview and Level Annotations

Branches:
Dungeon (15/15)            Temple (1/1) D:5            Lair (5/5) D:11
 Shoals (4/4) Lair:3        Snake (4/4) Lair:3        Slime (0/5) Lair:5
    Orc (2/2) D:10            Elf (0/3) Orc:2        Vaults (1/5) D:13
 Depths (0/4) D:15        Ossuary (visited)          Bailey (visited)
  IceCv (visited)         Volcano (visited)         Gauntlet (visited)

Altars:
Ashenzari
Cheibriados
Dithmenos
Elyvilon
Fedhas
Gozag
Hepliaklqana
Kikubaaqudgha
Makhleb
Nemelex Xobeh
Okawaru
Qazlal
Ru
Sif Muna
Trog
Uskayaw
Vehumet
Wu Jian
Xom
Yredelemnul
Zin
The Shining One

Shops:
D:7 *[   D:13 :   Orc:2 [*!=   Snake:3 *

Annotations:
D:14 exclusion: door
Shoals:3 1 runed translucent door, Tiucw's ghost, adept BaCj


Innate Abilities, Weirdness & Mutations

You are too large for most types of armour.
You have claws for hands.
Your natural rate of healing is unusually fast.
You are covered in fur. (AC +1)
You have tough skin. (AC +1)
You are partially covered in iridescent scales. (AC +2)
You are resistant to electric shocks. (rElec)
You expend magic power (3 MP) to strengthen your wands.


Message History

The bolt of lightning hits you! You resist.
* * * LOW HITPOINT WARNING * * *
Aiming: Corrosive Bolt
Press: ? - help, Shift-Dir - straight line, f - ironbound thunderhulk, p - white very ugly thing
Aim: an ironbound thunderhulk, wielding a +0 dire flail and wearing a +0 animal skin (lightly wounded, covered in acid, 81% to hit)
You feel a surge of power!
The bolt of acid hits the white very ugly thing.
The acid corrodes the white very ugly thing!
The white very ugly thing is moderately wounded.
The bolt of acid hits the ironbound thunderhulk!
The ironbound thunderhulk seems to be corroded for longer.
The ironbound thunderhulk is moderately wounded.
The grasping roots constrict the centaur warrior!
The grasping roots constrict the white very ugly thing!
The roots release their grip on the centaur warrior.
The roots release their grip on the white very ugly thing.
Electricity crackles from the ironbound thunderhulk's apparatus.
The bolt of lightning hits you! You resist.
* * * LOW HITPOINT WARNING * * *
You completely miss the white very ugly thing.
The white very ugly thing is heavily wounded.
The white very ugly thing closely misses you.
Press: ? - help, v - describe, . - travel
Here: a centaur warrior, wielding a +0 shortbow (severely wounded, covered in acid)
The floor.
You spin and attack the centaur warrior.
You claw the centaur warrior!
The centaur warrior is severely wounded.
You spin and attack the white very ugly thing repeatedly.
You claw the white very ugly thing!
The white very ugly thing is heavily wounded.
You mangle the white very ugly thing!!
The white very ugly thing is severely wounded.
The centaur warrior unwields a +0 shortbow.
You block the centaur warrior's attack.
The centaur warrior kicks you but does no damage.
The white very ugly thing pecks you!
* * * LOW HITPOINT WARNING * * *
The white very ugly thing freezes you!! You resist.
You die...

..#########.......#......#
..................#......#
..................########
..................#
[.................#
.................)#
#+###############O#########
#.cu........# #.@.........#
#)..........# #...........#
#...........# #...........#
+...........# #...........#
#############


You could see a white very ugly thing (corroded), an ironbound thunderhulk
(corroded) and a centaur warrior (corroded).

Vanquished Creatures
  Vashnia (Snake:3)
  Jorgrun (Snake:2)
  Mlioglotl (Snake:4)
  Gastronok (Lair:1)
  A kraken (Shoals:2)
  3 azure jellies (IceCv)
  7 nagarajas
  A rockslime (IceCv)
  A frost giant (Shoals:4)
  Aizul (Snake:3)
  4 quicksilver oozes (IceCv)
  An ironbound preserver (Vaults:1)
  A minotaur (Gauntlet)
  A dire elephant (Gauntlet)
  Snorg (Lair:3)
  An entropy weaver (Vaults:1)
  3 merfolk impalers
  5 merfolk javelineers (Shoals:4)
  Josephine (Lair:3)
  6 hydras
  A salamander tyrant (Snake:3)
  4 vault guards (D:13)
  Harold (Orc:1)
  An alligator snapping turtle (Shoals:4)
  2 catoblepae
  9 anacondas
  An ogre mage (D:15)
  23 centaur warriors
  5 merfolk avatars
  4 merfolk aquamancers (Shoals:4)
  4 two-headed ogres
  5 death yaks (Lair:5)
  3 boulder beetles
  18 naga warriors
  A tengu warrior (D:13)
  5 orc high priests (Orc:2)
  A deep troll shaman (Lair:5)
  7 naga sharpshooters
  5 shock serpents
  Urug (Lair:1)
  Amaemon (Lair:3)
  Nergalle (Lair:3)
  A shadow wraith (Shoals:1)
  4 salamander mystics
  7 skeletal warriors
  9 sea snakes
  3 deep trolls (Vaults:1)
  5 naga ritualists
  A glowing orange brain (shapeshifter) (D:15)
  20 harpies
  3 orange crystal statues (IceCv)
  4 phantasmal warriors (Snake:3)
  3 wizards
  An ironbound convoker (Vaults:1)
  5 lindwurms (Vaults:1)
  2 deep elf pyromancers (D:13)
  A necromancer (D:14)
  3 oklob plants
  3 orc knights
  6 ugly things
  2 orc sorcerers (Orc:1)
  13 fauns
  17 salamanders
  11 mana vipers
  6 cyclopes
  5 merfolk sirens
  44 black mambas
  10 manticores
  5 guardian serpents
  4 elephants
  10 naga magi
  An ice statue (D:15)
  3 vault sentinels (Vaults:1)
  A torpor snail (Lair:5)
  7 water nymphs
  4 gargoyles
  4 cane toads
  Maggie (D:8)
  An orange demon (Lair:3)
  2 kobold demonologists (Bailey)
  4 rime drakes
  A yaktaur (D:15)
  3 tengu conjurers
  2 efreet
  7 komodo dragons
  7 trolls
  5 polar bears
  A wolf spider simulacrum (Gauntlet)
  14 merfolk
  Grinder (D:3)
  19 blink frogs
  46 slime creatures
  10 wind drakes
  14 dream sheep
  A tarantella (shapeshifter) (D:13)
  4 snapping turtles
  Sigmund (D:5)
  A centaur simulacrum (D:14)
  2 shadows
  2 water elementals (Shoals:4)
  3 wyverns
  2 vampires
  6 wraiths
  28 yaks
  2 fire bats (Volcano)
  2 basilisks
  Eustachio (D:5)
  A redback (shapeshifter) (D:15)
  6 vampire mosquitoes
  7 wargs
  3 acid dragons
  35 nagas
  22 water moccasins
  22 orc warriors
  8 black bears
  A great orb of eyes simulacrum (IceCv)
  12 ogres
  7 ice beasts
  4 phantoms
  15 wolves
  16 centaurs
  2 slime creature simulacra (IceCv)
  2 kobold brigands
  3 elf zombies (Ossuary)
  2 necrophages
  15 bullfrogs
  2 gnoll sergeants (D:9)
  4 scorpions
  7 glowing shapeshifter simulacra (IceCv)
  10 wights
  4 electric eels
  8 howler monkeys
  A bullfrog zombie (D:4)
  8 lava snakes (Volcano)
  5 human zombies (Ossuary)
  Crazy Yiuf (D:5)
  4 centaur zombies (Ossuary)
  A gnoll bouda (D:3)
  2 jellies
  37 orc priests
  Jessica (D:3)
  3 iguanas
  14 orc wizards
  2 scorpion zombies (D:4)
  2 yak simulacra (D:14)
  3 hound zombies (D:4)
  3 mummies (Ossuary)
  28 gnolls
  2 adders
  A shadow imp (D:7)
  2 white imps
  3 adder zombies (D:4)
  An adder skeleton (D:4)
  3 dart slugs
  2 worms
  95 orcs
  10 endoplasms
  2 giant cockroaches (D:1)
  9 goblins
  14 hobgoblins
  7 jackals
  20 kobolds
  3 quokkas
  9 ball pythons
  7 bats
  2 frilled lizards (D:1)
  A quokka zombie (D:4)
  4 rats
  A bush (Lair:1)
  2 plants (Shoals:2)
  3 tentacles (Shoals:2)
1102 creatures vanquished.

Vanquished Creatures (others)
  24 fungi
  101 plants
  5 tentacles (Shoals:2)
  12 withered plants (D:3)
142 creatures vanquished.

Grand Total: 1244 creatures vanquished

Notes
Turn   | Place    | Note
-------+----------+-------------------------------------------
     0 | D:1      | jt the Troll Fighter began the quest for the Orb.
     0 | D:1      | Reached XP level 1. HP: 22/22 MP: 0/0
   128 | D:1      | Got the Almanac of the Comitatus and Toxicity
   200 | D:1      | Reached XP level 2. HP: 29/29 MP: 1/1
   541 | D:1      | Reached XP level 3. HP: 36/36 MP: 2/2
   688 | D:1      | Reached skill level 3 in Unarmed Combat
   920 | D:2      | Identified the +0 chain mail "Dithrin" {rN+ Dex-2 Slay+4
                  | Stlth+}
  1750 | D:3      | Noticed a black bear
  1856 | D:3      | Reached XP level 4. HP: 44/44 MP: 3/3
  1861 | D:3      | Noticed a phantom
  2140 | D:3      | Killed a phantom
  2141 | D:3      | Reached skill level 4 in Unarmed Combat
  2141 | D:3      | Reached XP level 5. HP: 48/53 MP: 4/4
  2221 | D:3      | Found a faded altar of an unknown god.
  2363 | D:3      | Noticed Grinder
  2366 | D:3      | Gained mutation: You are resistant to electric shocks.
                  | (rElec) [potion of mutation]
  2366 | D:3      | Gained mutation: You expend magic power (3 MP) to
                  | strengthen your wands. [potion of mutation]
  2366 | D:3      | Gained mutation: You are partially covered in iridescent
                  | scales. (AC +2) [potion of mutation]
  2433 | D:3      | Killed a black bear
  2434 | D:3      | Reached XP level 6. HP: 61/61 MP: 5/5
  2610 | D:4      | Reached skill level 5 in Unarmed Combat
  2895 | D:3      | Reached XP level 7. HP: 68/68 MP: 6/6
  3038 | D:4      | Reached skill level 6 in Unarmed Combat
  3446 | D:4      | Reached skill level 5 in Shields
  3446 | D:4      | Reached skill level 7 in Unarmed Combat
  3446 | D:4      | Reached XP level 8. HP: 79/79 MP: 7/7
  3473 | D:5      | Entered Level 5 of the Dungeon
  3489 | D:5      | Found a staircase to the Ecumenical Temple.
  3508 | Temple   | Entered the Ecumenical Temple
  3541 | Temple   | Became a worshipper of the Wu Jian Council
  3596 | D:5      | Found a shimmering altar of Xom.
  3830 | D:5      | Found a blossoming altar of Fedhas.
  3865 | D:5      | Reached skill level 5 in Fighting
  4067 | D:5      | Found a bloodstained altar of Trog.
  4069 | D:5      | Noticed Sigmund
  4070 | D:5      | Found a broken altar of Ashenzari.
  4148 | D:6      | Reached skill level 8 in Unarmed Combat
  4347 | D:6      | Found a stormy altar of Qazlal.
  4364 | D:6      | Reached XP level 9. HP: 88/88 MP: 8/8
  4405 | D:6      | Noticed a gargoyle
  4411 | D:6      | Killed a gargoyle
  4412 | D:6      | Reached skill level 9 in Unarmed Combat
  4426 | D:7      | Found Wison's General Store.
  4437 | D:7      | Found Poapi's Specific Store.
  4446 | D:7      | Bought a potion of heal wounds for 55 gold pieces
  4469 | D:7      | Reached * piety under Wu Jian
  4501 | D:7      | Found a sand-covered staircase.
  4508 | Ossuary  | Entered an ossuary
  4668 | Ossuary  | Reached skill level 10 in Unarmed Combat
  4697 | D:7      | Found a flagged portal.
  4709 | Bailey   | Entered a bailey
  4742 | Bailey   | Reached ** piety under Wu Jian
  4818 | Bailey   | Noticed a kobold demonologist
  4830 | Bailey   | Noticed a rust devil
  4830 | Bailey   | Killed a kobold demonologist
  4831 | Bailey   | Reached XP level 10. HP: 96/100 MP: 9/9
  4904 | Bailey   | Noticed an orc knight
  4931 | Bailey   | Killed an orc knight
  4969 | Bailey   | Found an iron altar of Okawaru.
  4975 | Bailey   | Noticed a rust devil
  4976 | Bailey   | Reached skill level 11 in Unarmed Combat
  4991 | Bailey   | Identified the +7 plate armour of the Solstice {Will+}
  5035 | Bailey   | Reached skill level 12 in Unarmed Combat
  5035 | Bailey   | Reached XP level 11. HP: 111/111 MP: 10/10
  5209 | D:7      | Acquired the amulet "Faixuq" {Reflect Dex+2 Slay+2 SH+5}
  5244 | D:7      | Reached *** piety under Wu Jian
  5245 | D:7      | Reached skill level 13 in Unarmed Combat
  5545 | D:7      | Found a sacrificial altar of Ru.
  5549 | D:7      | Found Keagouh's Armour Shoppe.
  6132 | D:5      | Killed Sigmund
  6182 | D:5      | Noticed Eustachio
  6188 | D:5      | Killed Eustachio
  6520 | D:5      | Found a runed translucent door.
  6521 | D:5      | Noticed Crazy Yiuf
  7148 | D:8      | Noticed Maggie
  7158 | D:8      | Killed Maggie
  7304 | D:8      | Reached **** piety under Wu Jian
  7405 | D:8      | Found a sparkling altar of Nemelex Xobeh.
  8115 | D:10     | Entered Level 10 of the Dungeon
  8140 | D:10     | Found a snail-covered altar of Cheibriados.
  8418 | D:10     | Reached XP level 12. HP: 112/122 MP: 11/11
  8436 | D:10     | Reached ***** piety under Wu Jian
  8460 | D:10     | Found an opulent altar of Gozag.
  8533 | D:10     | Found a staircase to the Orcish Mines.
  8711 | D:11     | Reached skill level 14 in Unarmed Combat
  8740 | D:11     | Noticed a two-headed ogre
  8763 | D:11     | Killed a two-headed ogre
  9064 | D:11     | Found a staircase to the Lair.
 10031 | D:12     | Reached skill level 5 in Dodging
 10031 | D:12     | Reached skill level 10 in Shields
 10242 | Lair:1   | Entered Level 1 of the Lair of Beasts
 10242 | Lair:1   | Noticed Gastronok
 10252 | Lair:1   | Killed Gastronok
 10329 | Lair:1   | Reached skill level 15 in Unarmed Combat
 10356 | Lair:1   | Found a dark tunnel.
 10423 | Volcano  | Entered a volcano
 10732 | Volcano  | Found a radiant altar of Vehumet.
 10865 | Lair:1   | Reached XP level 13. HP: 131/131 MP: 12/12
 11048 | Lair:1   | Noticed Urug
 11059 | Lair:1   | Killed Urug
 12454 | Lair:3   | Found a staircase to the Snake Pit.
 12464 | Lair:3   | Reached ****** piety under Wu Jian
 12542 | Lair:3   | Noticed Amaemon
 12567 | Lair:3   | Killed Amaemon
 12648 | Lair:3   | Noticed Snorg
 12654 | Lair:3   | Killed Snorg
 12692 | Lair:3   | Found a gate leading to a gauntlet.
 12706 | Gauntlet | Entered a Gauntlet
 12706 | Gauntlet | Found a transporter.
 12709 | Gauntlet | Found a transporter.
 12709 | Gauntlet | Noticed a green death
 12710 | Gauntlet | Found a transporter.
 12714 | Gauntlet | Found a transporter.
 12715 | Gauntlet | Found a transporter.
 12717 | Gauntlet | Found a transporter.
 12717 | Gauntlet | Noticed a quicksilver ooze
 12723 | Gauntlet | Found a transporter.
 12726 | Gauntlet | Found a transporter.
 12787 | Gauntlet | Noticed a dire elephant
 12790 | Gauntlet | Found a transporter.
 12792 | Gauntlet | Found a runed translucent gate.
 12792 | Gauntlet | Found a runed translucent gate.
 12792 | Gauntlet | Found a runed translucent gate.
 12802 | Gauntlet | Found a transporter.
 12806 | Gauntlet | Found a transporter.
 12818 | Gauntlet | Found a transporter.
 12845 | Gauntlet | Noticed a green death
 12956 | Gauntlet | Killed a dire elephant
 12970 | Gauntlet | Got the Discursus on Unstable Incandescence
 13009 | Gauntlet | Identified the +0 cloak of the Butterfly {Str+2}
 13016 | Gauntlet | Reached skill level 10 in Fighting
 13029 | Gauntlet | Noticed a minotaur
 13034 | Gauntlet | Killed a minotaur
 13035 | Gauntlet | Reached skill level 16 in Unarmed Combat
 13104 | Lair:3   | Found a staircase to the Shoals.
 13199 | Lair:3   | Noticed Josephine
 14325 | Lair:5   | Entered Level 5 of the Lair of Beasts
 14544 | Lair:5   | Found a staircase to the Slime Pits.
 14835 | Lair:5   | Reached XP level 14. HP: 144/144 MP: 13/13
 15540 | Lair:5   | Reached skill level 17 in Unarmed Combat
 16002 | D:3      | Killed Grinder
 16164 | D:3      | Noticed Jessica
 16169 | D:3      | Killed Jessica
 16308 | D:5      | Killed Crazy Yiuf
 16420 | Orc:1    | Entered Level 1 of the Orcish Mines
 16421 | Orc:1    | Noticed Harold
 16511 | Orc:1    | Killed Harold
 16600 | Orc:2    | Entered Level 2 of the Orcish Mines
 17058 | Orc:2    | Found Kapsov's Distillery.
 17058 | Orc:2    | Found Adghu's Jewellery Emporium.
 17320 | Orc:2    | Found a staircase to the Elven Halls.
 17537 | Orc:2    | Found Ditoine's General Store.
 17579 | Orc:2    | Found Oxutyu's Armour Boutique.
 17647 | Orc:2    | Bought the ring "Unumubal" {rPois AC+4 Int-3 Slay+5 Stlth+}
                  | for 1035 gold pieces
 18272 | D:13     | Found Sassoip's Book Boutique.
 18296 | D:13     | Found a gate to the Vaults.
 19147 | D:13     | Reached XP level 15. HP: 154/154 MP: 14/14
 19584 | D:13     | Reached skill level 18 in Unarmed Combat
 19913 | D:14     | Found a shimmering blue altar of Sif Muna.
 20462 | D:14     | Got Gesm's Tome of Companions
 20505 | D:14     | Identified the +3 morningstar "Pendulum" {vorpal, Fragile
                  | rElec MP+9 Int+3}
 20687 | D:15     | Entered Level 15 of the Dungeon
 20711 | D:15     | Found a staircase to the Depths.
 21891 | Lair:3   | Noticed Nergalle
 21899 | Lair:3   | Killed Nergalle
 22129 | Lair:3   | Killed Josephine
 22244 | Snake:1  | Entered Level 1 of the Snake Pit
 22246 | Snake:1  | Found a frozen archway.
 22267 | IceCv    | Entered an ice cave
 22738 | IceCv    | Reached skill level 19 in Unarmed Combat
 23021 | IceCv    | Noticed a rockslime
 23022 | IceCv    | Noticed an azure jelly
 23035 | IceCv    | Killed a rockslime
 23037 | IceCv    | Killed an azure jelly
 23038 | IceCv    | Reached XP level 16. HP: 117/165 MP: 15/15
 23046 | IceCv    | Found a viscous altar of Jiyva.
 23132 | IceCv    | Got the ring "Veott" {rPois rC+ Dex+2}
 23136 | IceCv    | Identified the +2 battleaxe of the Past {vorpal, *Corrode
                  | rC+ rN+++}
 24767 | Snake:2  | Noticed Jorgrun
 24773 | Snake:2  | Killed Jorgrun
 24950 | Snake:2  | You fall into a shaft and drop 1 floor!
 24966 | Snake:3  | Found Unyang's Assorted Antiques.
 24995 | Snake:2  | Reached skill level 20 in Unarmed Combat
 25524 | Snake:3  | Bought a scroll of magic mapping for 270 gold pieces
 25676 | Snake:3  | Noticed Aizul
 25691 | Snake:3  | Killed Aizul
 26119 | Snake:3  | Noticed Vashnia
 26346 | Snake:3  | Killed Vashnia
 26486 | Snake:3  | Reached XP level 17. HP: 174/176 MP: 10/16
 26686 | Snake:4  | Entered Level 4 of the Snake Pit
 26692 | Snake:4  | Reached skill level 21 in Unarmed Combat
 27103 | Snake:4  | Reached skill level 1 in Earth Magic
 27187 | Snake:4  | Reached skill level 1 in Transmutations
 27236 | Snake:4  | Reached skill level 1 in Spellcasting
 27665 | Snake:4  | Noticed Mlioglotl
 27680 | Snake:4  | Killed Mlioglotl
 27892 | Snake:4  | Identified the +9 spear "Kawnuumm" {freeze, *Slow rN+ Str+3
                  | Dex+2}
 28329 | Snake:4  | Got a serpentine rune of Zot
 28959 | Shoals:1 | Entered Level 1 of the Shoals
 28999 | Shoals:1 | You are sucked into a shaft and drop 1 floor!
 29173 | Shoals:1 | Reached skill level 5 in Earth Magic
 30010 | Shoals:3 | Reached skill level 5 in Transmutations
 30253 | Shoals:4 | Entered Level 4 of the Shoals
 30291 | Shoals:4 | Reached XP level 18. HP: 133/185 MP: 17/21
 30374 | Shoals:4 | Got a barnacled rune of Zot
 30634 | Shoals:4 | Identified the ring "Meecehuj" {Contam Int+3 Dex+6 SInv}
 30932 | Shoals:4 | Got the Precepts of the Journeyman
 31412 | Shoals:3 | Found a runed translucent door.
 31416 | Shoals:3 | Noticed Tiucw's ghost (adept BaCj)
 32725 | Vaults:1 | Entered Level 1 of the Vaults
 32996 | Vaults:1 | Reached skill level 1 in Evocations
 33052 | Vaults:1 | Identified the +8 long sword "Qoduoq" {vorpal, rCorr Str+2
                  | Dex+3}
 33062 | Vaults:1 | Slain by a white very ugly thing

Illustrated notes

Levels and vault maps discovered:
D:1:      dpeg_arrival_rooms_a, layout_loops_ring, nrook_mini_backslash,
          nrook_campfire, minmay_misc_feat_x, dreamdust_princess_corridor
D:2:      wad_woods_pond, layout_basic, grunt_decor_junction
D:3:      layout_loops_cross, shapermc_ecumenical_altar_flowoftime,
          uniq_grinder, uniq_jessica
D:4:      layout_cave_pools, serial_undead, serial_undead_b, serial_undead_f,
          serial_undead_f, serial_undead_d, serial_undead_b, serial_undead_c,
          serial_undead_c, dk_noncrumbling_2
D:5:      layout_loops_corners, lemuel_doored_altar, tgw_xom,
          grunt_temple_overflow_open, minmay_temple_entry_tees,
          amcnicky_mini_pool_small, uniq_eustachio, uniq_crazy_yiuf_cottage,
          uniq_sigmund
D:6:      layout_basic, grunt_qazlal_clouds, roderic_roman_lattice
D:7:      layout_basic, mainiacjoe_overflow_cross_hatched,
          chequers_ossuary_entry_cave, enter_bailey_2, serial_shops,
          shop_statue, hex_intersection, hex_tiny, minmay_misc_feat_alley,
          nicolae_specific_store, glass_columns_b
D:8:      layout_rooms, lemuel_crystal_altar, uniq_maggie
D:9:      wander_river, layout_rooms, wad_floor_pattern_2
D:10:     layout_roguey, mainiacjoe_overflow_alcove_1, kennysheep_mini_moat,
          orc_0_dummy
D:11:     layout_cave_pods, hellmonk_lair_entry_icy, minivault_4
D:12:     layout_basic
D:13:     layout_layer_cave, lightli_vaults_fourway_checkpoint, serial_shops,
          nicolae_diamond_shop, minmay_circle_x
D:14:     layout_roguey, nicolae_sif_muna_condensation, eino_house_with_fridge
D:15:     hangedman_depths_entry_try_elsewhere_first, layout_basic, minivault_15
Temple:   cyrus_circular_temple
Lair:1:   layout_regular_city, nicolae_volcano_entry_hallway,
          minmay_lair_oklob_items, uniq_urug, uniq_gastronok
Lair:2:   layout_regular_city, serial_bayou_shore_a, serial_bayou_shore_b
Lair:3:   layout_regular_city, minmay_shoals_entry_centaurs,
          minmay_snake_entry_six_corridors, gauntlet_entry_generic,
          uniq_nergalle, uniq_snorg, uniq_josephine, uniq_amaemon
Lair:4:   layout_small_grid, minivault_23, dpeg_oklob_1
Lair:5:   grunt_lair_end_beastmaster, layout_layer_cave, slime_entry_1,
          fungi_pond_lemuel
Shoals:1: layout_shoals, nicolae_shoals_hidden_pirate_stash
Shoals:2: layout_shoals, nicolae_shoals_dead_sea_scrolls
Shoals:3: layout_shoals, ebering_ghost_inner_flame
Shoals:4: shoals_end_grunt_ice, layout_shoals,
          nicolae_shoals_stone_sculpture_thing
Snake:1:  layout_layer_cave, portal_ice_cave_entry_pillars_2,
          nicolae_snake_gridmaze_zigzag
Snake:2:  layout_onion, nicolae_snake_gridmaze_waves,
          nicolae_snake_guarding_the_ruins, uniq_jorgrun
Snake:3:  layout_rooms, serial_shops, nicolae_shop_stone,
          nicolae_snake_ghostly_warrior_ritual, uniq_vashnia, uniq_aizul
Snake:4:  johnstein_snake_rune_scales, layout_onion, grunt_megastairs_4,
          uniq_mlioglotl
Orc:1:    layout_caves, uniq_harold
Orc:2:    st_orc_town, layout_diamond_mine
Vaults:1: ontoclasm_vaults_hangar, nicolae_vaults_angled_halls,
          hangedman_vaults_stitches, v_misc_26,
          vaults_mumra_minichess_inversion, ontoclasm_vaults_tryst, v_misc_32,
          dpeg_vaults_monster_row, vaults_mumra_minichess,
          nicolae_vaults_specimen_jars, grunt_vaults_hallway_short,
          nicolae_vaults_little_squares_2, nicolae_vaults_asterisk,
          layout_vaults_omnicross

Skill      XL: |  1  2  3  4  5  6  7  8  9 10 11 12 13 14 15 16 17 18 |
---------------+-------------------------------------------------------+-----
Shields        | 3 4 5 6 7 8 9 10 11 12 13 | 13.3
Unarmed Combat | 3 4 5 7 8 10 12 13 15 16 17 19 20 21 | 21.1
Fighting       | 3 4 5 6 8 9 10 11 12 13 | 13.3
Dodging        | 3 5 7 8 9 |  9.9
Earth Magic    | 6 9 |  9.3
Transmutations | 5 7 |  7.8
Spellcasting   | 3 |  3.3
Evocations     | 1 |  1.7

Action                   |  1- 3 |  4- 6 |  7- 9 | 10-12 | 13-15 | 16-18 || total
-------------------------+-------+-------+-------+-------+-------+-------++-------
Melee: Unarmed           |   138 |   160 |   316 |   505 |  1002 |  1030 ||  3151
       Staff             |       |       |       |    50 |    11 |       ||    61
       Spear             |       |       |       |     1 |       |       ||     1
       Whip              |       |       |       |       |    21 |       ||    21
       War axe           |       |       |       |       |    16 |       ||    16
Throw: Stone             |     6 |    17 |     2 |     1 |       |       ||    26
       Large rock        |       |     5 |    15 |     9 |       |       ||    29
       Dart              |       |       |    22 |    38 |    72 |     1 ||   133
       Boomerang         |       |       |       |    15 |    78 |    60 ||   153
       Javelin           |       |       |       |       |     1 |     4 ||     5
Invok: Lunge             |       |       |    11 |    66 |   111 |   138 ||   326
       Whirlwind         |       |       |       |    13 |    61 |   109 ||   183
       Serpent's Lash    |       |       |       |       |     6 |       ||     6
       Heavenly Storm    |       |       |       |       |     1 |     3 ||     4
 Abil: Wall Jump         |       |       |       |       |     3 |     1 ||     4
Evoke: Wand              |       |       |       |    10 |     9 |    12 ||    31
       Phial of floods   |       |       |       |       |       |     1 ||     1
  Use: Scroll            |     4 |     2 |     4 |    14 |     7 |     4 ||    35
       Potion            |       |     1 |     1 |    10 |     3 |    11 ||    26
 Stab: Sleeping          |     1 |       |       |     2 |     2 |     1 ||     6
       Petrified         |       |       |       |       |     2 |       ||     2
       Petrifying        |       |       |       |       |     1 |       ||     1
       Distracted        |       |       |       |       |     1 |     1 ||     2
       Held in net/web   |       |       |       |       |       |     1 ||     1
Armor: Robe              |    28 |    76 |   122 |    28 |       |       ||   254
       Skin              |       |       |       |     7 |       |       ||     7
       Swamp dragon scal |       |       |       |    78 |   306 |   194 ||   578
Dodge: Dodged            |    35 |    48 |    89 |   102 |   242 |   267 ||   783
       Repelled          |       |       |     1 |     6 |       |    12 ||    19
Block: Kite shield       |    27 |    58 |    95 |   261 |   597 |   612 ||  1650
       Reflection        |       |       |       |    14 |    32 |   114 ||   160

Table legend: (Time is in decaauts)
 A = Elapsed time spent in this place.
 B = Non-inter-level travel time spent in this place.
 C = Inter-level travel time spent in this place.
 D = Time resting spent in this place.
 E = Time spent auto-exploring this place.
 F = Levels seen in this place.
 G = Mean time per level.
                   A        B        C        D        E       F      G
               +--------+--------+--------+--------+--------+-----+--------+
         Total |  32798 |  30098 |   2700 |   3030 |  14410 |  37 |  886.4 |
       Dungeon |  14063 |  12742 |   1321 |    709 |   7310 |  15 |  937.5 |
        Temple |     40 |     40 |      0 |      0 |      0 |   1 |   40.0 |
          Lair |   5580 |   5032 |    548 |    302 |   3010 |   5 | 1116.0 |
        Shoals |   3529 |   3370 |    159 |    420 |   1617 |   4 |  882.2 |
     Snake Pit |   5207 |   4760 |    447 |    888 |   1840 |   4 | 1301.8 |
  Orcish Mines |   1726 |   1503 |    223 |    175 |    474 |   2 |  863.0 |
        Vaults |    315 |    315 |      0 |     84 |     87 |   1 |  315.0 |
       Ossuary |    166 |    166 |      0 |      0 |      0 |   1 |  166.0 |
        Bailey |    481 |    481 |      0 |      0 |      0 |   1 |  481.0 |
      Ice Cave |    950 |    950 |      0 |    362 |      4 |   1 |  950.0 |
       Volcano |    411 |    411 |      0 |     65 |      0 |   1 |  411.0 |
      Gauntlet |    324 |    324 |      0 |     24 |     68 |   1 |  324.0 |
               +--------+--------+--------+--------+--------+-----+--------+

Top non-repeatable levels by time:
    D:13: 1596 daAuts
 Snake:4: 1533 daAuts
  Lair:5: 1472 daAuts
 Snake:2: 1275 daAuts
 Snake:1: 1237 daAuts
   Orc:2: 1163 daAuts
    D:15: 1162 daAuts
 Snake:3: 1161 daAuts
     D:5: 1152 daAuts
  Lair:3: 1120 daAuts
     D:3: 1094 daAuts
    D:11: 1079 daAuts
  Lair:4: 1047 daAuts
     D:2: 1034 daAuts
Shoals:4: 1028 daAuts
